 Dungeon Crawl Stone Soup version 0.31.0-11-ge490571c62 (webtiles) character file.

Game seed: 8212979042642485940

14852 TrebMcFLY the Eclecticist (level 11, 66/66 HPs)
             Began as a Deep Elf Conjurer on Feb 4, 2024.
             Was a Priest of Vehumet.
             Quit the game on level 2 of the Lair of Beasts.
             The game lasted 00:36:43 (12663 turns).

TrebMcFLY the Eclecticist (Deep Elf Conjurer)      Turns: 12663, Time: 00:36:44

Health: 66/66      AC:  5    Str:  4    XL:     11   Next: 94%
Magic:  32/32      EV: 13    Int: 28    God:    Vehumet [***...]
Gold:   673        SH:  0    Dex: 20    Spells: 25/40 levels left

rFire   . . .        F - +8 longbow "Zephyr" {speed, Dex+3 SInv}
rCold   . . .        (shield currently unavailable)
rNeg    . . .        m - +1 leather armour of Vonurots {Fly Will+ rCorr Dex+4}
rPois   .            d - +0 helmet
rElec   .            (no cloak)
rCorr   +            (no gloves)
SInv    +            (no boots)
Will    +++..        r - amulet of the acrobat
Stlth   ++           y - ring of willpower
HPRegen 0.31/turn    (no ring)
MPRegen 0.23/turn

%: acrobat
@: flying
A: no striking features
a: Renounce Religion


You were on level 2 of the Lair of Beasts.
You worshipped Vehumet.
Vehumet was most pleased with you.
You visited 3 branches of the dungeon, and saw 12 of its levels.
You also visited: Bailey.

You collected 673 gold pieces.

Inventory:

Hand Weapons
 w - a +2 rapier of speed
 D - a +5 spear
 F - the +8 longbow "Zephyr" (weapon) {speed, Dex+3 SInv}
   (You found it on level 1 of the Lair of Beasts)

   Dex+3:     It affects your dexterity (+3).
   SInv:      It lets you see invisible.
Armour
 a - a +0 robe
 d - a +0 helmet (worn)
 m - the +1 leather armour of Vonurots (worn) {Fly Will+ rCorr Dex+4}
   (You found it on level 6 of the Dungeon)

   Dex+4:     It affects your dexterity (+4).
   Will+:     It increases your willpower.
   Fly:       It grants you flight.
   rCorr:     It protects you from acid and corrosion.
 G - a +0 buckler
Magical Staves
 v - a staff of earth
Jewellery
 e - a ring of ice
 p - a ring of positive energy
 r - an amulet of the acrobat (around neck)
 y - a ring of willpower (left hand)
 H - a +6 ring of strength
Wands
 o - a wand of polymorph (8)
Scrolls
 f - 2 scrolls of fog
 g - a scroll of amnesia
 h - 4 scrolls of vulnerability
 i - 2 scrolls of silence
 k - a scroll of brand weapon
 l - a scroll of noise
 s - a scroll of enchant armour
 x - a scroll of immolation
 z - 4 scrolls of teleportation
 A - a scroll of enchant weapon
 E - a scroll of revelation
 I - a scroll of butterflies {unknown}
Potions
 b - a potion of magic
 c - 5 potions of might
 j - a potion of lignification {unknown}
 n - 2 potions of curing
 q - 2 potions of haste
 t - a potion of berserk rage {unknown}
 u - 3 potions of heal wounds
 B - a potion of enlightenment {unknown}
 C - a potion of mutation {unknown}


   Skills:
 + Level 6.9 Fighting
 + Level 4.3 Ranged Weapons
 - Level 3.3 Armour
 - Level 4.5 Dodging
 - Level 2.4 Stealth
 * Level 15.4 Spellcasting
 + Level 10.1 Conjurations
 - Level 4.6 Translocations
 + Level 5.4 Fire Magic
 + Level 3.8 Air Magic


You had 25 spell levels left.
You knew the following spells:

 Your Spells              Type           Power      Damage    Failure   Level
a - Magic Dart            Conj           100%       1d8       1%          1
b - Searing Ray           Conj           100%       2d8       1%          2
c - Iskenderun's Mystic   Conj/Tloc      58%        2d12      1%          4
d - Flame Wave            Conj/Fire      60%        2d14      1%          4
e - Airstrike             Air            21%        2d(4-20)  2%          4

Your spell library contained the following spells:

 Spells                   Type           Power      Damage    Failure   Level
 Volatile Blastmotes      Fire/Tloc      98%        2d18      1%          3
 Shock                    Conj/Air       100%       1d9       1%          1
 Scorch                   Fire           100%       2d9       1%          2
 Fulminant Prism          Conj/Alch      25%        3d14      1%          4
 Swiftness                Air            43%        N/A       2%          3
 Cigotuvi's Dreadful Rot  Necr/Alch/Air  56%        N/A       3%          2
 Irradiate                Conj/Alch      25%        3d20      3%          5
 Sublimation of Blood     Necr           21%        N/A       6%          2
 Bombard                  Conj/Erth      25%        9d5       19%         6
 Lee's Rapid Deconstruct  Erth           10%        3d8*      26%         5
 Animate Dead             Necr           21%        N/A       36%         4
 Dispel Undead            Necr           21%        3d11      36%         4
 Leda's Liquefaction      Alch/Erth      10%        N/A       36%         4
 Martyr's Knell           Necr/Summ      21%        N/A       36%         4
 Petrify                  Alch/Erth      21%        N/A       36%         4
 Summon Forest            Summ/Tloc      17%        N/A       38%         5
 Borgnjor's Vile Clutch   Necr/Erth      10%        N/A       71%         5
 Summon Mana Viper        Hex/Summ       21%        N/A       71%         5
 Death Channel            Necr           10%        N/A       99%         6
 Sculpt Simulacrum        Ice/Alch       10%        N/A       99%         6
 Summon Cactus Giant      Summ           10%        N/A       99%         6
 Ozocubu's Refrigeration  Ice            10%        4d9       99%         7
 Polar Vortex             Ice            10%        12d1*     100%        9


Dungeon Overview and Level Annotations

Branches:
Dungeon (9/15)             Temple (1/1) D:6            Lair (2/5) D:9
 Bailey (visited)
  Swamp: Lair:2-3    Shoals: Lair:2-3     Snake: Lair:2-3    Spider: Lair:2-3
    Orc: D:9-12

Altars:
Ashenzari
Cheibriados
Dithmenos
Elyvilon
Fedhas
Gozag
Hepliaklqana
Kikubaaqudgha
Nemelex Xobeh
Okawaru
Qazlal
Ru
Sif Muna
Trog
Uskayaw
Vehumet
Wu Jian
Xom
Yredelemnul
Zin
The Shining One

Shops:
D:4 [

Annotations:
D:5 1 runed translucent door, Crazy Yiuf
Lair:1 Nergalle


Message History

Aim: a blink frog (almost dead, 57% to hit)
You shoot an arrow. The arrow hits the blink frog!!
You kill the blink frog!
Vehumet accepts your kill.
Fire: F) +8 longbow "Zephyr" {speed, Dex+3 SInv}
Press: ? - help, Q - select action, (/) - cycle Shift-Dir - straight line, f - blink frog
Aim: a blink frog (heavily wounded, 57% to hit)
You shoot an arrow. The arrow hits the blink frog.
The blink frog is severely wounded.
The blink frog blinks!
Fire: F) +8 longbow "Zephyr" {speed, Dex+3 SInv}
Press: ? - help, Q - select action, (/) - cycle Shift-Dir - straight line, f/p - blink frog
Aim: a blink frog (severely wounded, 57% to hit)
You shoot an arrow. The arrow hits the blink frog!!
You kill the blink frog!
Vehumet accepts your kill.
You see here a blink frog corpse.
You now have 654 gold pieces (gained 20).
I - a scroll labelled ZAMPIPH BIMMOF
There is a fountain of clear blue water here.
f - 2 scrolls of fog (gained 1)
Found a robe.
You now have 673 gold pieces (gained 19).
There is an open door here.
Nergalle the Soulbinder comes into view.
She is wielding a +0 dagger and wearing a +1 robe of fire resistance.
Okay, then.
You reach down and open the door.
There is an open door here.
There is an open door here.
There is a stone staircase leading down here.
You fly downwards.
You hear a distant snort.
Hark!
There is a gateway to a gauntlet on this level.
Find the entrance quickly before the gate is sealed!
You feel an oppressive heat about you.
There is an entrance to a volcano on this level.
Hurry and find it before the entrance collapses!
The black mamba hisses angrily.
Found 13 gold pieces and a scroll of vulnerability.
Found a stone staircase leading down.
There is a stone staircase leading up here.
Are you sure you want to abandon this character and quit the game? (Confirm with "yes".)

#. ... # . #.
... .## ..
.#..# #.P#
...##.#>###..#
.............##
..............#
.........F.F.#
.S.....@.....#
.............#
.............P#
....#..##.?....
... #.# #....#
.. .. ....# .
##. ..## .. ..#


You could see a black mamba and 2 cane toads.

Vanquished Creatures
  Erica (Lair:1)
  Amaemon (Lair:1)
  An orc knight (Bailey)
  3 cane toads (Lair:1)
  An orange demon (Lair:1)
  3 komodo dragons (Lair:1)
  A troll (D:9)
  A polar bear (Lair:1)
  Prince Ribbit (Lair:1)
  13 blink frogs (Lair:1)
  A wraith (D:9)
  2 wyverns
  Eustachio (D:5)
  2 basilisks (Lair:1)
  3 steam dragons (D:8)
  18 yaks
  2 water moccasins (Lair:1)
  2 black bears
  2 ice beasts
  6 orc warriors
  An ogre (D:5)
  2 wolves (D:9)
  3 centaurs (D:6)
  3 bullfrogs
  2 scorpions
  22 wights
  2 bombardier beetles
  6 howler monkeys
  3 hounds
  3 jellies
  2 gnoll boudas (D:8)
  12 orc priests
  3 sleepcaps
  Ijyb (D:2)
  8 orc wizards
  4 adders
  14 gnolls
  A shadow imp (D:7)
  A white imp (D:7)
  3 ribbon worms
  31 orcs
  9 ball pythons
  3 endoplasms
  3 giant cockroaches
  10 goblins
  4 hobgoblins
  5 kobolds
  2 quokkas
  5 bats
  2 frilled lizards
  5 rats
240 creatures vanquished.

Notes
Turn   | Place    | Note
-------+----------+-------------------------------------------
     0 | D:1      | TrebMcFLY the Deep Elf Conjurer began the quest for the
                  | Orb.
     0 | D:1      | Reached XP level 1. HP: 10/10 MP: 6/6
   243 | D:1      | Reached XP level 2. HP: 16/16 MP: 3/8
   865 | D:1      | Learned a level 2 spell: Searing Ray
  1105 | D:2      | Reached skill level 4 in Spellcasting
  1235 | D:2      | Reached XP level 3. HP: 20/20 MP: 6/10
  1354 | D:2      | Reached skill level 1 in Fighting
  1461 | D:2      | You fall into a shaft and drop 1 floor!
  2006 | D:3      | Noticed Ijyb
  2047 | D:2      | Killed Ijyb
  2048 | D:2      | Reached XP level 4. HP: 4/25 MP: 1/12
  2372 | D:3      | Reached skill level 5 in Conjurations
  2384 | D:3      | Reached skill level 5 in Spellcasting
  2418 | D:3      | Reached XP level 5. HP: 21/30 MP: 5/14
  2999 | D:3      | Reached skill level 6 in Spellcasting
  3004 | D:3      | Learned a level 4 spell: Iskenderun's Mystic Blast
  3300 | D:4      | Identified the +0 chain mail of Okawaru's Anger {Harm Fly
                  | Str-5}
  3453 | D:4      | Found Fics's Armour Boutique.
  3637 | D:5      | Entered Level 5 of the Dungeon
  3652 | D:5      | Found a radiant altar of Vehumet.
  3652 | D:5      | Noticed Eustachio
  3671 | D:5      | Killed Eustachio
  3672 | D:5      | Reached skill level 1 in Translocations
  3672 | D:5      | Reached XP level 6. HP: 33/36 MP: 1/17
  3849 | D:5      | Reached skill level 7 in Spellcasting
  3991 | D:5      | Reached XP level 7. HP: 40/40 MP: 12/19
  4107 | D:5      | Found a runed translucent door.
  4108 | D:5      | Noticed Crazy Yiuf
  4312 | D:5      | Found an ornate altar of the Wu Jian Council.
  4357 | D:5      | Found a snail-covered altar of Cheibriados.
  4624 | D:5      | Reached skill level 8 in Spellcasting
  4912 | D:6      | Reached XP level 8. HP: 46/46 MP: 14/22
  5065 | D:6      | Reached skill level 9 in Spellcasting
  5168 | D:6      | Found a staircase to the Ecumenical Temple.
  5313 | D:6      | Identified the +1 leather armour of Vonurots {Fly Will+
                  | rCorr Dex+4}
  5806 | D:6      | Reached skill level 1 in Armour
  6069 | D:6      | Reached skill level 10 in Spellcasting
  6543 | D:7      | Reached XP level 9. HP: 52/52 MP: 14/25
  6636 | D:7      | Found a flagged portal.
  6691 | Bailey   | Entered a bailey
  6802 | Bailey   | Noticed an orc knight
  6830 | Bailey   | Killed an orc knight
  7001 | Bailey   | Reached skill level 11 in Spellcasting
  7134 | Bailey   | Found a large runed translucent door.
  7134 | Bailey   | Found a large runed translucent door.
  7135 | Bailey   | Noticed a deep elf pyromancer
  7327 | D:5      | Became a worshipper of Vehumet
  7398 | Temple   | Entered the Ecumenical Temple
  7632 | D:7      | Found a sacrificial altar of Ru.
  7777 | D:7      | Reached skill level 5 in Fighting
  8025 | D:7      | Reached skill level 12 in Spellcasting
  8119 | D:7      | Reached * piety under Vehumet
  8119 | D:7      | Offered knowledge of Sting by Vehumet.
  8279 | D:7      | Found a white marble altar of Elyvilon.
  8284 | D:7      | Found a shadowy altar of Dithmenos.
  8284 | D:7      | Found a stormy altar of Qazlal.
  8285 | D:7      | Found a broken altar of Ashenzari.
  8703 | D:8      | Found a shimmering blue altar of Sif Muna.
  8805 | D:8      | Learned a level 4 spell: Flame Wave
  8828 | D:8      | Reached XP level 10. HP: 51/59 MP: 22/28
  9399 | D:9      | Reached skill level 1 in Fire Magic
  9773 | D:9      | Reached skill level 13 in Spellcasting
  9994 | D:9      | Found a hide-covered altar of Uskayaw.
 10185 | D:9      | Reached ** piety under Vehumet
 10471 | D:9      | Offered knowledge of Kiss of Death by Vehumet.
 10582 | D:9      | Found a staircase to the Lair.
 10884 | Lair:1   | Entered Level 1 of the Lair of Beasts
 10929 | Lair:1   | Learned a level 4 spell: Airstrike
 10989 | Lair:1   | Reached skill level 1 in Air Magic
 11153 | Lair:1   | Reached skill level 14 in Spellcasting
 11153 | Lair:1   | Reached XP level 11. HP: 64/64 MP: 10/31
 11291 | Lair:1   | Noticed Amaemon
 11419 | Lair:1   | Found the +8 longbow "Zephyr" {speed, Dex+3 SInv}
 11756 | Lair:1   | Reached skill level 1 in Ranged Weapons
 11890 | Lair:1   | Noticed Prince Ribbit
 11904 | Lair:1   | Killed Prince Ribbit
 12031 | Lair:1   | Killed Amaemon
 12149 | Lair:1   | Noticed Erica
 12182 | Lair:1   | Killed Erica
 12256 | Lair:1   | Reached skill level 5 in Fire Magic
 12267 | Lair:1   | Offered knowledge of Volatile Blastmotes by Vehumet.
 12274 | Lair:1   | Reached skill level 15 in Spellcasting
 12278 | Lair:1   | Reached skill level 10 in Conjurations
 12436 | Lair:1   | Reached *** piety under Vehumet
 12616 | Lair:1   | Noticed Nergalle
 12663 | Lair:2   | Quit the game

Illustrated notes

Levels and vault maps discovered:
D:1:      tarquinn_simple_flora_water_e, layout_loops_ring
D:2:      layout_loops_ring
D:3:      layout_basic, uniq_ijyb
D:4:      layout_cave_pools, serial_shops, shop, eino_tiny_chamber,
          minmay_between
D:5:      layout_basic, grunt_temple_overflow_open, nicolae_vehumet_altar_sigil,
          uniq_eustachio, uniq_crazy_yiuf_cottage
D:6:      layout_basic, temple_pool_b
D:7:      layout_gridville, chequers_temple_overflow_statue_of_worship,
          nicolae_ru_sacrificial_ziggurat, enter_bailey_5,
          serial_co_window_serial, co_window_corner_a, co_window_corner_a,
          co_window_of_opportunity_a, co_window_corner_a, co_window_cross_1,
          co_window_corner_a, co_window_paths_a, co_window_paths_b,
          co_window_of_opportunity_a, co_window_cross_4, co_window_2corner
D:8:      layout_cave_pools, nicolae_overflow_crystal_walls, centaur_isle
D:9:      layout_cave_pods, general_overflow_altar, erik_lair_orcish_takeover
Temple:   grunt_temple_mini_profane
Lair:1:   layout_regular_city, grunt_megastairs_4, infiniplex_staircase_pool_2,
          uniq_amaemon, uniq_prince_ribbit2, uniq_grum, uniq_erica,
          uniq_nergalle
Lair:2:   layout_regular_city, hellmonk_spider_entry_life_and_decay,
          gauntlet_entry_generic, enter_volcano_3, uniq_gastronok

Skill      XL: |  1  2  3  4  5  6  7  8  9 10 11 |
---------------+----------------------------------+-----
Spellcasting   | 4 5 6 7 8 10 12 14 15 | 15.4
Fighting       | 1 2 3 4 5 6 |  6.9
Conjurations   | 5 6 7 8 9 10 | 10.1
Translocations | 1 2 3 4 |  4.6
Armour         | 1 3 |  3.3
Fire Magic     | 3 5 |  5.4
Dodging        | 4 |  4.5
Air Magic      | 1 3 |  3.8
Ranged Weapons | 4 |  4.3
Stealth        | |  2.4

Action                     |  1- 3 |  4- 6 |  7- 9 | 10-12 || total
---------------------------+-------+-------+-------+-------++-------
  Melee: Spear             |       |       |       |    20 ||    20
         Punch             |       |       |       |     1 ||     1
   Fire: Longbow           |       |       |       |    65 ||    65
   Cast: Magic Dart        |    57 |    33 |   101 |    43 ||   234
         Searing Ray       |     8 |    16 |    70 |    45 ||   139
         Iskenderun's Myst |       |       |     9 |    69 ||    78
    Use: Scroll            |       |       |    13 |     4 ||    17
         Potion            |       |       |       |     1 ||     1
 Armour: Robe              |     5 |     4 |     6 |       ||    15
         Skin              |     1 |       |       |       ||     1
         Leather armour    |       |       |    28 |    37 ||    65
  Dodge: Dodged            |     3 |     7 |    64 |    80 ||   154
